 Dungeon Crawl Stone Soup version 0.23.0-3-gf3c87f2 (webtiles) character file.

Game seed: 13986535432010724636

3775 wolfsongas the Thaumaturge (level 10, -5/109 HPs)
             Began as a Gnoll Wizard on Feb 23, 2019.
             Was a Believer of Ashenzari.
             Slain by an efreet
             ... wielding a +2 scimitar of flaming
              (11 damage)
             ... on level 9 of the Dungeon.
             The game lasted 00:35:08 (11041 turns).

wolfsongas the Thaumaturge (Gnoll Wizard)          Turns: 11041, Time: 00:35:08

Health: -5/109     AC:  8    Str: 15    XL:     10   Next: 16%
Magic:  14/22      EV: 15    Int: 24    God:    Ashenzari [**....]
Gold:   541        SH:  0    Dex: 13    Spells: 20/26 levels left

rFire    . . .     SeeInvis .   c - +5 great sword (freeze) (curse)
rCold    . . .     Gourm    .   (shield currently unavailable)
rNeg     . . .     Faith    .   j - +0 leather armour
rPois    .         Spirit   .   b - +2 hat
rElec    .         Reflect  .   t - +0 cloak
rCorr    .         Harm     .   (no gloves)
MR       .....                  (no boots)
Stlth    ..........             (no amulet)
HPRegen  0.28/turn              n - +2 ring of protection (curse)
MPRegen  0.18/turn              (no ring)

@: berserking (expiring), drained, very quick
A: distributed training, fangs 1, strong nose
a: Curse Item, Scrying, Renounce Religion


You were on level 9 of the Dungeon.
You worshipped Ashenzari.
Ashenzari was pleased with you.
You were not hungry.

You visited 1 branch of the dungeon, and saw 9 of its levels.
You also visited: Sewer, Ossuary and Bailey.

You collected 541 gold pieces.

Inventory:

Hand Weapons
 c - a cursed +5 great sword of freezing (weapon)
 o - a +1 dagger of electrocution
Armour
 a - a +0 robe
 b - a +2 hat (worn)
 j - a +0 leather armour (worn)
 t - a +0 cloak (worn)
Jewellery
 m - an uncursed amulet of guardian spirit
 n - a cursed +2 ring of protection (left hand)
Wands
 l - a wand of enslavement (10)
 w - a wand of polymorph (9)
Scrolls
 e - 2 scrolls of enchant armour
 h - 3 scrolls of remove curse
 p - a scroll of fog
 r - 3 scrolls of magic mapping
 s - 6 scrolls of teleportation
 v - 2 scrolls of enchant weapon
Potions
 f - 3 potions of magic
 g - 3 potions of haste
 i - 2 potions of cancellation
 k - a potion of ambrosia
 q - 5 potions of curing
 u - 4 potions of brilliance
Comestibles
 d - 13 rations


   Skills:
 + Level 4.9(4.2) Fighting
 + Level 4.9(4.2) Short Blades
 + Level 4.9(7.1) Long Blades
 + Level 4.9(4.2) Axes
 + Level 4.9(4.2) Maces & Flails
 + Level 4.9(4.2) Polearms
 + Level 4.9(4.2) Staves
 + Level 4.9(4.2) Slings
 + Level 4.9(4.2) Bows
 + Level 4.9(4.2) Crossbows
 + Level 4.9(4.2) Throwing
 + Level 4.9(4.2) Armour
 + Level 6.8(6.1) Dodging
 + Level 6.5(5.8) Stealth
 + Level 4.9(4.2) Shields
 + Level 4.9(4.2) Unarmed Combat
 + Level 8.8(8.0) Spellcasting
 + Level 4.6(3.9) Conjurations
 + Level 4.0(3.4) Hexes
 + Level 4.0(3.4) Charms
 + Level 4.6(3.9) Summonings
 + Level 4.0(3.4) Necromancy
 + Level 4.6(3.9) Translocations
 + Level 4.0(3.4) Transmutations
 + Level 4.0(3.4) Fire Magic
 + Level 4.0(3.4) Ice Magic
 + Level 4.0(3.4) Air Magic
 + Level 4.0(3.4) Earth Magic
 + Level 4.0(3.4) Poison Magic
 + Level 5.4(4.7) Invocations
 + Level 4.9(4.2) Evocations


You had 20 spell levels left.
You knew the following spells:

 Your Spells              Type           Power        Failure   Level  Hunger
a - Magic Dart            Conj           ####         1%          1    None
b - Call Imp              Summ           ####....     2%          2    None
c - Mephitic Cloud        Conj/Pois/Air  ####....     5%          3    None

Your spell library contained the following spells:

 Spells                   Type           Power        Failure   Level  Hunger
 Blink                    Tloc           N/A          2%          2    None
 Searing Ray              Conj           ####..       2%          2    None
 Slow                     Hex            ####....     3%          2    None
 Conjure Flame            Conj/Fire      ####....     5%          3    None
 Dazzling Spray           Conj/Hex       ####..       5%          3    None
 Force Lance              Conj/Tloc      ####....     16%         4    ##.....
 Iskenderun's Mystic Bla  Conj           ####....     16%         4    ##.....
 Fulminant Prism          Conj/Hex       ####......   17%         4    ##.....


Dungeon Overview and Level Annotations

Branches:
Dungeon (9/15)             Temple (0/1) D:5
   Lair: D:8-11         Orc: D:9-12

Altars:
Ashenzari
Fedhas
Gozag
Kikubaaqudgha
Okawaru
Ru
Trog
Xom
Yredelemnul
Zin


Innate Abilities, Weirdness & Mutations

Your experience applies equally to all skills.
You have very sharp teeth.
Your uncanny sense of smell can sniff out nearby items.


Message History

The magic dart hits the efreet!
The efreet is heavily wounded.
The efreet gestures at you.
The fireball explodes!
The fireball engulfs you!!
* * * LOW HITPOINT WARNING * * *
Your crimson imp blinks!
It was a potion of berserk rage.
A red film seems to cover your vision as you go berserk!
You feel yourself moving faster!
You feel mighty!
The efreet hits your crimson imp with a +2 scimitar of flaming!
Your crimson imp dies!
Your iron imp hits the efreet but does no damage.
You feel a strong urge to attack something.
Your iron imp barely misses the efreet.
The efreet closely misses you.
You barely miss the efreet. You bite the efreet, but do no damage.
The efreet is heavily wounded.
You slash the efreet! You freeze the efreet.
The efreet is almost dead.
The efreet hits you with a +2 scimitar of flaming!
You die...

#..##)##oo##..##..).# ,*
..##)..#ooo##..##.......
#..##..##O##..##........
##..##..###..##.........
.##..##..#..##..........
..##..##o..##........... , ,
...##..##a##....<.......
....##5R###.#......>.... ,
.....##@.#..##.......... *
......##...####..(.....# ,,
.......#...............#
..............#....[....
..............##........
.............###........
***,..#...........(.........
####.......##.<......... * ,
#......###.)).....##.


You could see a two-headed ogre, an efreet, an orc warrior, a worker ant, an orc
wizard, 2 orcs and a friendly iron imp.

Vanquished Creatures
  Sigmund (D:6)
  A yak (D:7)
  A phantom (D:7)
  2 ice beasts
  A black bear (D:6)
  10 orc warriors
  A necrophage (D:6)
  A centaur (D:6)
  An ogre (D:4)
  A big kobold (D:4)
  3 bullfrogs
  2 scorpions
  5 wights
  2 howler monkeys (D:5)
  A bullfrog zombie (D:5)
  A centaur zombie (Ossuary)
  A quasit (D:9)
  4 hounds
  2 orc priests
  A bullfrog skeleton (D:9)
  A jelly (D:6)
  Ijyb (D:4)
  An orc wizard (D:7)
  A worker ant (D:6)
  2 iguanas
  3 big kobold zombies (Ossuary)
  A mummy (Ossuary)
  2 howler monkey zombies
  5 gnolls (Bailey)
  18 adders
  7 river rats
  A shadow imp (D:6)
  2 oozes
  An adder zombie (D:8)
  2 adder skeletons
  5 worms
  5 dart slugs
  6 leopard geckos
  20 orcs
  4 bats
  4 giant cockroaches
  23 hobgoblins
  5 jackals
  2 quokkas
  8 ball pythons
  3 frilled lizards
  A giant cockroach zombie (D:5)
  20 goblins
  8 hobgoblin zombies (Ossuary)
  20 kobolds
  6 kobold zombies (Ossuary)
  A leopard gecko skeleton (D:8)
  2 leopard gecko zombies
  4 orc zombies (Ossuary)
  A quokka skeleton (D:8)
  24 rats
  2 rat zombies (Ossuary)
264 creatures vanquished.

Vanquished Creatures (collateral kills)
  2 ogres
  2 orc priests
  2 orc wizards (D:5)
  A worker ant (D:6)
  A mummy (Ossuary)
  2 adders
  3 river rats
  An adder zombie (Ossuary)
  2 worms
  3 orcs
  A giant cockroach (D:6)
  3 goblins (Bailey)
  A hobgoblin (Bailey)
  A jackal (D:6)
  12 kobolds (D:4)
  5 ball pythons
  2 frilled lizards (Sewer)
  4 hobgoblin zombies (Ossuary)
  A jackal zombie (Ossuary)
  2 kobold zombies (Ossuary)
  4 orc zombies (Ossuary)
  8 rats
  A rat zombie (Ossuary)
64 creatures vanquished.

Grand Total: 328 creatures vanquished

Notes
Turn   | Place    | Note
-------+----------+-------------------------------------------
     0 | D:1      | wolfsongas the Gnoll Wizard began the quest for the Orb.
     0 | D:1      | Reached XP level 1. HP: 13/13 MP: 8/8
   119 | D:1      | Reached XP level 2. HP: 19/19 MP: 6/10
   699 | D:1      | Reached XP level 3. HP: 25/25 MP: 8/11
  1026 | D:2      | Found a shattered altar of Ashenzari.
  1085 | D:2      | Reached skill level 1 in Invocations
  1157 | D:2      | Became a worshipper of Ashenzari the Shackled
  1315 | D:2      | Reached skill level 1 in Fighting
  1315 | D:2      | Reached skill level 1 in Short Blades
  1315 | D:2      | Reached skill level 1 in Long Blades
  1315 | D:2      | Reached skill level 1 in Axes
  1315 | D:2      | Reached skill level 1 in Maces & Flails
  1315 | D:2      | Reached skill level 1 in Polearms
  1315 | D:2      | Reached skill level 1 in Staves
  1315 | D:2      | Reached skill level 1 in Slings
  1315 | D:2      | Reached skill level 1 in Bows
  1315 | D:2      | Reached skill level 1 in Crossbows
  1315 | D:2      | Reached skill level 1 in Throwing
  1315 | D:2      | Reached skill level 1 in Armour
  1315 | D:2      | Reached skill level 1 in Shields
  1315 | D:2      | Reached skill level 1 in Unarmed Combat
  1315 | D:2      | Reached skill level 1 in Evocations
  1338 | D:2      | Learned a level 2 spell: Call Imp
  1426 | D:2      | Found a glowing silver altar of Zin.
  1427 | D:2      | Found an opulent altar of Gozag.
  1575 | D:2      | Reached XP level 4. HP: 32/32 MP: 5/13
  1947 | D:2      | Reached skill level 1 in Hexes
  1947 | D:2      | Reached skill level 1 in Charms
  1947 | D:2      | Reached skill level 1 in Necromancy
  1947 | D:2      | Reached skill level 1 in Transmutations
  1947 | D:2      | Reached skill level 1 in Fire Magic
  1947 | D:2      | Reached skill level 1 in Ice Magic
  1947 | D:2      | Reached skill level 1 in Air Magic
  1947 | D:2      | Reached skill level 1 in Earth Magic
  1947 | D:2      | Reached skill level 1 in Poison Magic
  1947 | D:2      | Reached XP level 5. HP: 36/37 MP: 4/14
  2475 | D:3      | Learned a level 3 spell: Mephitic Cloud
  2495 | D:3      | Found a sacrificial altar of Ru.
  2954 | D:4      | Noticed an ogre
  2972 | D:4      | Killed an ogre
  2972 | D:4      | Reached XP level 6. HP: 44/44 MP: 1/16
  3194 | D:4      | Reached skill level 5 in Dodging
  3379 | D:4      | Found a glowing drain.
  3389 | Sewer    | Entered a sewer
  3658 | Sewer    | Reached XP level 7. HP: 50/50 MP: 7/18
  4421 | D:4      | Reached * piety under Ashenzari
  4440 | D:4      | Found an ancient bone altar of Kikubaaqudgha.
  4461 | D:4      | Found a bloodstained altar of Trog.
  4639 | D:4      | Noticed Ijyb
  4681 | D:4      | Killed Ijyb
  4681 | D:4      | Reached skill level 5 in Stealth
  5325 | D:5      | Entered Level 5 of the Dungeon
  5497 | D:5      | Reached XP level 8. HP: 57/57 MP: 12/19
  6148 | D:5      | Found a staircase to the Ecumenical Temple.
  6542 | D:6      | Reached skill level 8 in Spellcasting
  6559 | D:6      | Found a sand-covered staircase.
  6561 | D:6      | Noticed Sigmund
  6568 | D:6      | Killed Sigmund
  6575 | Ossuary  | Entered an ossuary
  6896 | Ossuary  | Reached XP level 9. HP: 47/62 MP: 15/21
  7219 | D:6      | Reached ** piety under Ashenzari
  7649 | D:7      | Found a shimmering altar of Xom.
  7680 | D:7      | Found a flagged portal.
  7732 | Bailey   | Entered a bailey
  7849 | Bailey   | Noticed an orc warlord
  8681 | Bailey   | Reached skill level 5 in Invocations
  8848 | Bailey   | Noticed an orc knight
  8909 | D:7      | Found an iron altar of Okawaru.
  9180 | D:7      | Reached XP level 10. HP: 55/73 MP: 15/22
  9274 | D:7      | Found a blossoming altar of Fedhas.
  9934 | D:8      | HP: 3/73 [wight/cursed +5 great sword of freezing (10)]
 10414 | D:8      | Found a basalt altar of Yredelemnul.
 10660 | D:9      | Noticed a gargoyle
 11015 | D:9      | Identified the amulet of Zijyc {Faith rF+ MR+}
 11025 | D:9      | Noticed a two-headed ogre
 11037 | D:9      | HP: 3/73 [efreet/fireball (24)]
 11041 | D:9      | Slain by an efreet

Skill      XL: |  1  2  3  4  5  6  7  8  9 10 |
---------------+-------------------------------+-----
Conjurations   | 2 3 4 |  4.6
Summonings     | 2 3 4 |  4.6
Translocations | 2 3 4 |  4.6
Invocations    | 1 2 3 4 5 |  5.4
Fighting       | 1 2 3 4 |  4.9
Short Blades   | 1 2 3 4 |  4.9
Long Blades    | 1 2 3 4 |  4.9
Axes           | 1 2 3 4 |  4.9
Maces & Flails | 1 2 3 4 |  4.9
Polearms       | 1 2 3 4 |  4.9
Staves         | 1 2 3 4 |  4.9
Slings         | 1 2 3 4 |  4.9
Bows           | 1 2 3 4 |  4.9
Crossbows      | 1 2 3 4 |  4.9
Throwing       | 1 2 3 4 |  4.9
Armour         | 1 2 3 4 |  4.9
Shields        | 1 2 3 4 |  4.9
Unarmed Combat | 1 2 3 4 |  4.9
Evocations     | 1 2 3 4 |  4.9
Hexes          | 1 2 3 4 |  4.0
Charms         | 1 2 3 4 |  4.0
Necromancy     | 1 2 3 4 |  4.0
Transmutations | 1 2 3 4 |  4.0
Fire Magic     | 1 2 3 4 |  4.0
Ice Magic      | 1 2 3 4 |  4.0
Air Magic      | 1 2 3 4 |  4.0
Earth Magic    | 1 2 3 4 |  4.0
Poison Magic   | 1 2 3 4 |  4.0
Dodging        | 5 6 |  6.8
Stealth        | 5 6 |  6.5
Spellcasting   | 8 |  8.8

Action                   |  1- 3 |  4- 6 |  7- 9 | 10-12 || total
-------------------------+-------+-------+-------+-------++-------
Melee: Dagger            |       |    66 |   260 |    39 ||   365
       Bite              |       |     4 |    20 |     5 ||    29
       Punch             |       |       |     4 |     1 ||     5
       Great sword       |       |       |       |     5 ||     5
 Cast: Magic Dart        |    80 |   142 |   372 |    93 ||   687
       Call Imp          |       |    14 |    43 |     9 ||    66
       Mephitic Cloud    |       |     1 |    14 |       ||    15
Invok: Curse Item        |       |     1 |       |       ||     1
       Scrying           |       |       |     1 |       ||     1
  Use: Scroll            |     5 |    11 |     7 |     4 ||    27
       Potion            |       |     3 |    10 |     2 ||    15
 Stab: Sleeping          |       |     1 |       |       ||     1
       Distracted        |       |       |     3 |       ||     3
       Confused          |       |       |     3 |       ||     3
       Invisible         |       |       |     2 |     1 ||     3
  Eat: Ration            |     1 |     2 |     5 |     1 ||     9
       Chunk             |       |       |     1 |       ||     1
Armor: Robe              |       |    23 |    25 |       ||    48
       Leather armour    |       |       |    73 |    26 ||    99
       Skin              |       |       |    97 |       ||    97
Dodge: Dodged            |     1 |    68 |   282 |    68 ||   419
       Rpst.: Great sword |       |       |       |     1 ||     1
